AoeStats
← cagatai

QS Arena

503444579Analyzed
4v4 RM · 10d ago on Aug 31, 2026· 47m 48s· 8 players
Game mode
Random Map
Map size
Large (8 player)
Population
200
Speed
Normal
Resources
Standard
Victory
Conquest
Starting age
Dark Age
Ending age
Imperial Age
RankedLock teamsTeams togetherTeam positionsShared explorationLock speedFull tech treeHidden civsTurbo modeCheats
Victory
Defeat
🇹🇷 Turks · Türkiye
956
+16
🇺🇸 Khmer · United States
953
+16
🇩🇪 Koreans · Germany
944
+16
🇺🇸 Goths · United States
922
+17
🇨🇦 Celts · Canada
1001
-19
🇨🇴 Vikings · Colombia
972
-17
🇨🇳 Wei · China
940
-16
🇺🇸 Romans · United States
892
-14
LilFunyuns
1:46 Loom
9:09 Feudal Age
11:07 Double-Bit Axe
11:05 Horse Collar
17:29 Castle Age
15:53 Gold Mining
15:58 Stone Mining
18:00 Bloodlines
20:08 Forging
19:58 Scale Mail Armor
19:51 Fletching
20:07 Scale Barding Armor
22:15 Town Watch
23:05 Wheelbarrow
22:51 Husbandry
30:35 Imperial Age
28:08 Town Patrol
29:49 Chain Barding Armor
31:56 Hand Cart
33:21 Elite Battle Elephant
34:19 Elite Battle Elephant
34:26 Cavalier
37:43 Chemistry
37:03 Ballistics
36:34 Heated Shot
37:25 Double Crossbow
38:13 Elite Ballista Elephant
38:35 Elite Skirmisher
39:45 Chain Mail Armor
39:32 Padded Archer Armor
40:15 Iron Casting
40:15 Plate Barding Armor
40:23 Parthian Tactics
44:08 Pikeman
44:33 Arson
44:58 Halberdier
bastefan
9:06 Feudal Age
9:28 Horse Collar
9:43 Double-Bit Axe
12:36 Loom
16:44 Castle Age
16:27 Wheelbarrow
15:46 Stone Mining
16:49 Gold Mining
17:35 Crossbowman
18:08 Fletching
19:09 Bow Saw
21:03 Bodkin Arrow
22:13 Town Watch
24:47 Heavy Plow
25:47 Ballistics
26:43 Eupseong
32:36 Imperial Age
31:10 Hand Cart
32:27 Masonry
32:14 Murder Holes
34:35 Gold Shaft Mining
34:38 Stone Shaft Mining
35:07 Two-Man Saw
35:22 Conscription
35:14 Thumb Ring
34:33 Arbalester
36:01 Town Patrol
36:24 Thumb Ring
37:22 Bracer
37:34 Forging
37:30 Scale Barding Armor
42:16 Capped Ram
marwenskio
5:08 Loom
9:16 Feudal Age
12:13 Horse Collar
12:22 Double-Bit Axe
17:52 Castle Age
20:44 Bow Saw
20:37 Heavy Plow
21:31 Wheelbarrow
20:57 Gold Mining
20:58 Stone Mining
24:10 Stone Shaft Mining
29:58 Imperial Age
27:46 Hand Cart
27:16 Town Watch
28:43 Scale Mail Armor
28:54 Forging
30:11 Chain Mail Armor
29:59 Anarchy
31:24 Iron Casting
34:31 Blast Furnace
33:09 Elite Huskarl
cagatai
10:22 Feudal Age
14:30 Castle Age
12:21 Double-Bit Axe
14:06 Stone Mining
16:58 Loom
17:02 Town Watch
17:50 Bow Saw
22:18 Wheelbarrow
23:04 Horse Collar
24:44 Ballistics
29:20 Imperial Age
27:41 Hand Cart
27:46 Bloodlines
28:49 Sipahi
28:41 Gold Mining
30:25 Fletching
30:36 Padded Archer Armor
30:42 Scale Barding Armor
30:37 Scale Mail Armor
30:48 Forging
31:02 Conscription
31:11 Parthian Tactics
30:56 Husbandry
32:23 Bodkin Arrow
36:20 Masonry
36:45 Bracer
37:01 Leather Archer Armor
37:06 Chain Barding Armor
37:22 Iron Casting
38:04 Gold Shaft Mining
38:53 Iron Casting
39:30 Two-Man Saw
38:33 Heavy Plow
39:45 Ring Archer Armor
39:27 Artillery
40:31 Caravan
42:37 Heavy Cavalry Archer
45:58 Elite Janissary
47:58 Plate Barding Armor
47:39 Chain Mail Armor
48:33 Blast Furnace
48:26 Thumb Ring
INandOutBandit
9:02 Feudal Age
13:21 Castle Age
11:05 Horse Collar
12:20 Double-Bit Axe
14:30 Bow Saw
15:09 Heavy Plow
16:09 Stone Mining
17:45 Wheelbarrow
18:53 Hand Cart
21:17 Gold Mining
22:34 Stone Shaft Mining
23:54 Gold Shaft Mining
25:42 Fortified Wall
25:13 Treadmill Crane
28:11 Imperial Age
25:54 Forging
25:44 Scale Mail Armor
27:48 Iron Casting
28:41 Heated Shot
29:11 Ballistics
29:23 Conscription
30:05 Blast Furnace
29:20 Chain Mail Armor
28:45 Capped Ram
30:09 Furor Celtica
30:28 Siege Engineers
30:02 Siege Ram
32:12 Plate Mail Armor
32:13 Onager
36:04 Elite Woad Raider
41:30 Chemistry
kybkh
1:39 Loom
8:03 Feudal Age
9:23 Wheelbarrow
8:37 Double-Bit Axe
19:06 Castle Age
17:30 Gold Mining
17:35 Stone Mining
17:28 Horse Collar
18:21 Scale Mail Armor
20:10 Heavy Plow
20:23 Bow Saw
20:40 Hand Cart
28:03 Imperial Age
25:37 Town Watch
26:24 Town Patrol
26:21 Fletching
26:58 Fortified Wall
27:10 Ballistics
27:12 Chain Mail Armor
27:17 Forging
28:31 Squires
27:55 Pikeman
27:56 Man-at-Arms
28:51 Scale Barding Armor
29:23 Iron Casting
29:31 Bloodlines
29:21 Husbandry
29:22 Bodkin Arrow
29:56 Conscription
31:21 Crop Rotation
32:23 Gold Shaft Mining
31:33 Long Swordsman
34:47 Elite Skirmisher
35:35 Padded Archer Armor
35:56 Chain Barding Armor
36:37 Blast Furnace
37:32 Chemistry
36:44 Masonry
kittarington
8:14 Feudal Age
8:39 Horse Collar
8:45 Double-Bit Axe
14:29 Castle Age
16:19 Loom
17:25 Gold Mining
17:26 Stone Mining
18:57 Gold Shaft Mining
18:50 Bow Saw
464905725
8:28 Feudal Age
10:24 Double-Bit Axe
15:28 Castle Age
18:42 Bow Saw
22:34 Horse Collar
30:59 Imperial Age
29:10 Heavy Plow
31:59 Forging
31:55 Scale Barding Armor
31:35 Heavy Hei Guang Cavalry
32:29 Loom
32:52 Husbandry
33:12 Tuntian
36:04 Ming Guang Armor
36:46 Iron Casting
36:31 Chain Barding Armor
36:27 Gold Mining
36:29 Stone Mining
39:11 Blast Furnace
40:59 Elite Tiger Cavalry
47:36 Heavy Scorpion
Connection lost

Rejoining the realm…

Still unreachable

The connection could not be restored.

Session expired

The server has moved on; the page needs a fresh start.